 Dungeon Crawl Stone Soup version 0.28-a0-533-g9f97627e2a (webtiles) character file.

Game seed: 2576852826461101104

3105 Gargoyl the Fighter (level 9, -1/63 (74) HPs)
             Began as a Gnoll Abyssal Knight on Sept 25, 2021.
             Was an Elder of Lugonu.
             Slain by a wight (7 damage)
             ... on level 7 of the Dungeon.
             The game lasted 00:11:52 (8263 turns).

Gargoyl the Fighter (Gnoll Abyssal Knight)          Turns: 8263, Time: 00:11:52

HP:   -1/63 (74)    AC:  8    Str: 15    XL:     9   Next: 90%
MP:   16/16         EV: 10    Int: 10    God:    Lugonu [****..]
Gold: 150           SH: 14    Dex: 13    Spells: 17/17 levels left

rFire   . . .      SeeInvis .   a - +4 hand axe (venom)
rCold   + . .      Faith    .   q - +0 kite shield
rNeg    . . .      Spirit   .   h - +0 ring mail
rPois   +          Reflect  +   (no helmet)
rElec   .          Harm     .   d - +1 cloak {rPois}
rCorr   .          Rampage  .   (no gloves)
Will    .....                   (no boots)
Stlth   ++........              o - amulet of reflection
HPRegen 0.20/turn               b - ring of protection from cold
MPRegen 0.15/turn               (no ring)

@: studying Throwing, heavily drained
A: fangs 1, strong nose, distributed training
a: Renounce Religion, Depart the Abyss, Bend Space, Banish, Corrupt


You were on level 7 of the Dungeon.
You worshipped Lugonu.
Lugonu was greatly pleased with you.
You visited 1 branch of the dungeon, and saw 7 of its levels.
You visited the Abyss 1 time.

You collected 228 gold pieces.
You spent 78 gold pieces at shops.

Inventory:

Hand Weapons
 a - a +4 hand axe of venom (weapon)
 t - a +0 war axe
 v - a +3 hand axe
Missiles
 j - 16 poisoned darts (quivered)
Armour
 d - a +1 cloak of poison resistance (worn)
 h - a +0 ring mail (worn)
 q - a +0 kite shield (worn)
Jewellery
 b - a ring of protection from cold (left hand)
 o - an amulet of reflection (around neck)
Wands
 e - a wand of iceblast (8)
Scrolls
 i - 4 scrolls of teleportation
 k - 2 scrolls of identify
 m - a scroll of fog
 n - a scroll of blinking
 p - 3 scrolls of vulnerability {unknown}
 r - a scroll of fear {unknown}
Potions
 c - a potion of attraction {unknown}
 f - 2 potions of curing
 g - a potion of haste
 l - 2 potions of might
 s - a potion of invisibility {unknown}
 u - a potion of mutation {unknown}


   Skills:
 + Level 8.1 Fighting
 + Level 4.7 Short Blades
 + Level 4.7 Long Blades
 + Level 6.6 Axes
 + Level 4.7 Maces & Flails
 + Level 4.7 Polearms
 + Level 4.7 Staves
 + Level 4.7 Slings
 + Level 4.7 Bows
 + Level 4.7 Crossbows
 + Level 5.4 Throwing
 + Level 6.6 Armour
 + Level 5.4 Dodging
 + Level 4.7 Stealth
 + Level 4.7 Shields
 + Level 4.7 Unarmed Combat
 + Level 4.7 Spellcasting
 + Level 3.9 Conjurations
 + Level 3.9 Hexes
 + Level 3.9 Summonings
 + Level 3.9 Necromancy
 + Level 3.9 Translocations
 + Level 3.9 Transmutations
 + Level 3.9 Fire Magic
 + Level 3.9 Ice Magic
 + Level 3.9 Air Magic
 + Level 3.9 Earth Magic
 + Level 3.9 Poison Magic
 + Level 7.0 Invocations
 + Level 4.7 Evocations


You had 17 spell levels left.
You didn't know any spells.
Your spell library contained the following spells:

 Spells                   Type           Power      Damage    Failure   Level
 Sandblast                Erth           20%        2d7       32%         1
 Blink                    Tloc           N/A        N/A       45%         2
 Passwall                 Tmut/Erth      8%         N/A       45%         2
 Poisonous Vapours        Pois/Air       20%        N/A       45%         2
 Ignite Poison            Fire/Tmut/Pois 10%        N/A       69%         3
 Lesser Beckoning         Tloc           10%        N/A       69%         3
 Spider Form              Tmut/Pois      5%         N/A       69%         3
 Stone Arrow              Conj/Erth      20%        3d8       69%         3
 Fireball                 Conj/Fire      5%         3d5       100%        5
 Manifold Assault         Tloc           10%        N/A       100%        5
 Simulacrum               Ice/Necr       5%         N/A       100%        6
 Ignition                 Fire           5%         3d4       100%        8
 Chain Lightning          Conj/Air       5%         3d6       100%        9
 Fire Storm               Conj/Fire      5%         8d1       100%        9
 Shatter                  Erth           5%         3d8*      100%        9


Dungeon Overview and Level Annotations

Branches:
Dungeon (7/15)             Temple (0/1) D:5

Altars:
Cheibriados
Elyvilon
Okawaru
Uskayaw
Vehumet

Shops:
D:5 ?=?[!   D:6 ([


Innate Abilities, Weirdness & Mutations

You have very sharp teeth.
Your uncanny sense of smell can sniff out nearby items.
Your experience applies equally to all skills.


Message History

You hit the wight. You bite the wight, but do no damage.
The wight is heavily damaged.
You hit the wight but do no damage. The wight hits you but does no damage.
You block the wight's attack. x2
Unknown command.
You barely miss the wight.
The wight is heavily damaged.
Your shield prevents you from hitting the wight.
The wight hits you with a +0 battleaxe.
You feel drained. You block the wight's attack.
Unknown command.
You hit the wight.
The wight is almost destroyed.
You hit the wight. You block the wight's attack. The wight barely misses you.
You barely miss the wight.
The wight is almost destroyed.
You hit the wight but do no damage. The wight barely misses you.
The wight hits you with a +4 trident.
* * * LOW HITPOINT WARNING * * *
The wight barely misses you.
Unknown command.
You closely miss the wight. You bite the wight, but do no damage.
The wight is almost destroyed.
You barely miss the wight. You block the wight's attack. x2
You hit the wight.
The wight is almost destroyed.
You hit the wight but do no damage. The wight hits you with a +4 trident.
* * * LOW HITPOINT WARNING * * *
You feel drained.
* * * LOW HITPOINT WARNING * * *
You block the wight's attack.
You hit the wight.
The wight is almost destroyed.
Your shield and ring mail prevent you from hitting the wight.
The wight hits you with a +4 trident!
* * * LOW HITPOINT WARNING * * *
You feel drained.
* * * LOW HITPOINT WARNING * * *
The wight misses you. The wight hits you with a +4 trident!
You die...

### ..# #.#
#.# #.# #
#.#
#.######.#
#.#......#
#...z@z<## #
###.##### #.
#.#
###.###.# ∆
.......>#
#####.#.#
|.######.#.#
...z...z.))#
#..#####.###


You could see 2 wights.

Vanquished Creatures
  2 water moccasins (D:6)
  A sky beast (D:5)
  A black bear (D:6)
  4 ogres
  2 wolves (D:6)
  2 phantoms
  2 centaurs (D:6)
  Blork the orc (D:6)
  4 gnoll sergeants
  3 bullfrogs
  2 scorpions
  A water moccasin zombie (D:5)
  3 wights (D:7)
  8 hounds
  A jelly (D:4)
  2 orc priests
  5 centaur skeletons
  3 orc wizards (D:5)
  3 gnoll shamans
  2 killer bee zombies (D:6)
  23 gnolls
  8 adders
  A shadow imp (D:5)
  A white imp (D:6)
  An adder skeleton (D:4)
  A dart slug (D:1)
  11 orcs
  9 bats
  3 endoplasms
  A giant cockroach (D:3)
  8 hobgoblins
  7 jackals
  2 quokkas (D:3)
  9 ball pythons
  A frilled lizard (D:2)
  6 goblins
  9 kobolds
  3 rats (D:1)
156 creatures vanquished.

Vanquished Creatures (others)
  An orc (D:3)
  4 plants (D:3)
5 creatures vanquished.

Grand Total: 161 creatures vanquished

Notes
Turn   | Place    | Note
-------+----------+-------------------------------------------
     0 | Abyss:1  | Gargoyl the Gnoll Abyssal Knight began the quest for the
                  | Orb.
     0 | Abyss:1  | Reached XP level 1. HP: 23/23 MP: 3/3
    30 | Abyss:1  | Found a corrupted altar of Lugonu.
    63 | Abyss:1  | Noticed an ice beast
    68 | Abyss:1  | Noticed a large abomination
    69 | Abyss:1  | Noticed a large abomination
    71 | D:1      | Escaped the Abyss
   461 | D:1      | Reached XP level 2. HP: 29/29 MP: 5/5
   536 | D:1      | Reached * piety under Lugonu
  1027 | D:2      | Reached XP level 3. HP: 21/35 MP: 6/6
  1286 | D:2      | Found a faded altar of an unknown god.
  1762 | D:3      | Noticed a bullfrog
  1772 | D:3      | Killed a bullfrog
  1773 | D:3      | Reached skill level 1 in Short Blades
  1773 | D:3      | Reached skill level 1 in Long Blades
  1773 | D:3      | Reached skill level 1 in Maces & Flails
  1773 | D:3      | Reached skill level 1 in Polearms
  1773 | D:3      | Reached skill level 1 in Staves
  1773 | D:3      | Reached skill level 1 in Slings
  1773 | D:3      | Reached skill level 1 in Bows
  1773 | D:3      | Reached skill level 1 in Crossbows
  1773 | D:3      | Reached skill level 1 in Throwing
  1773 | D:3      | Reached skill level 1 in Stealth
  1773 | D:3      | Reached skill level 1 in Shields
  1773 | D:3      | Reached skill level 1 in Unarmed Combat
  1773 | D:3      | Reached skill level 1 in Spellcasting
  1773 | D:3      | Reached skill level 1 in Conjurations
  1773 | D:3      | Reached skill level 1 in Hexes
  1773 | D:3      | Reached skill level 1 in Summonings
  1773 | D:3      | Reached skill level 1 in Necromancy
  1773 | D:3      | Reached skill level 1 in Translocations
  1773 | D:3      | Reached skill level 1 in Transmutations
  1773 | D:3      | Reached skill level 1 in Fire Magic
  1773 | D:3      | Reached skill level 1 in Ice Magic
  1773 | D:3      | Reached skill level 1 in Air Magic
  1773 | D:3      | Reached skill level 1 in Earth Magic
  1773 | D:3      | Reached skill level 1 in Poison Magic
  1773 | D:3      | Reached skill level 1 in Evocations
  1773 | D:3      | Reached XP level 4. HP: 19/41 MP: 7/7
  2002 | D:3      | Reached XP level 5. HP: 47/47 MP: 8/8
  2786 | D:3      | Reached ** piety under Lugonu
  3016 | D:4      | Noticed an ogre
  3020 | D:4      | Killed an ogre
  3021 | D:4      | Reached skill level 5 in Invocations
  3021 | D:4      | Reached XP level 6. HP: 36/53 MP: 9/9
  3225 | D:4      | Got Goer's Disquisition on the Arsonist and Cold
  3523 | D:4      | Got Enusiol's Compendium of Cloudy Toxins
  3625 | D:4      | Reached skill level 5 in Axes
  3625 | D:4      | Reached skill level 5 in Armour
  3726 | D:4      | Found an iron altar of Okawaru.
  3726 | D:4      | Found a white marble altar of Elyvilon.
  3811 | D:5      | Entered Level 5 of the Dungeon
  3811 | D:5      | Found Moasaof's Magic Scroll Boutique.
  4213 | D:5      | Reached XP level 7. HP: 58/59 MP: 10/10
  4223 | D:5      | Bought a scroll of teleportation for 36 gold pieces
  4244 | D:5      | Reached skill level 7 in Fighting
  4452 | D:5      | Found Guappof's Antique Armour Boutique.
  4711 | D:5      | Reached XP level 8. HP: 41/66 MP: 12/12
  4876 | D:5      | Found a staircase to the Ecumenical Temple.
  5144 | D:5      | Found Etzirr's Magic Scroll Emporium.
  5152 | D:5      | Bought a scroll of teleportation for 42 gold pieces
  5202 | D:5      | Found Jicvighe's Jewellery Shop.
  5292 | D:5      | Found Paqybet's Distillery.
  5448 | D:5      | Found a hide-covered altar of Uskayaw.
  5478 | D:6      | Reached *** piety under Lugonu
  6093 | D:6      | Noticed Blork the orc
  6106 | D:6      | Killed Blork the orc
  6239 | D:6      | Found Vudaetz's Antique Armour Boutique.
  6315 | D:6      | Reached XP level 9. HP: 72/72 MP: 14/14
  6623 | D:6      | Reached skill level 5 in Dodging
  7008 | D:6      | HP: 2/74 [wolf (6)]
  7026 | D:6      | HP: 3/74 [gnoll (3)]
  7343 | D:5      | Reached skill level 8 in Fighting
  7477 | D:6      | Found a snail-covered altar of Cheibriados.
  7512 | D:6      | Reached skill level 5 in Throwing
  7640 | D:6      | Found a radiant altar of Vehumet.
  7681 | D:6      | Found Baebruipy's Antique Weapon Boutique.
  7761 | D:6      | Reached **** piety under Lugonu
  8263 | D:7      | Slain by a wight

Illustrated notes

Levels and vault maps discovered:
D:1:      minmay_arrival_cross, layout_basic
D:2:      layout_loops_ring, ebering_ecumenical_altar_mist, serial_park_tiny_2
D:3:      layout_basic, serial_bayou_lake_a
D:4:      layout_cave_pods, gammafunk_temple_overflow_statue, minivault_4,
          minmay_misc_feat_room
D:5:      layout_rooms, kennysheep_mini_moat, temple_pool_b, serial_shops,
          nicolae_square_shop, shop, nicolae_shop_stone, nicolae_shop_stone,
          nicolae_shop_statue_plus, serial_glass, glass_columns_b,
          glass_columns_b
D:6:      layout_cave_pools, general_overflow_altar,
          mainiacjoe_overflow_brackets, serial_shops, kennysheep_little_box,
          serial_gnoll_camp, gnoll_camp_mini_shop, gnoll_camp_mini_loothouse,
          gnoll_camp_huts_basic, gnoll_camp_mini_doghouse, gnoll_camp_medium_01,
          gnoll_camp_mini_house, minmay_manual_mares, uniq_blork_the_orc
D:7:      layout_basic, nicolae_wu_jian_immortal_techniques,
          nicolae_qazlal_style_of_elements, lemuel_tele_altar,
          minmay_hedge_maze, kennysheep_small_spiral

Skill      XL: |  1  2  3  4  5  6  7  8  9 |
---------------+----------------------------+-----
Short Blades   | 1 2 3 4 |  4.7
Long Blades    | 1 2 3 4 |  4.7
Maces & Flails | 1 2 3 4 |  4.7
Polearms       | 1 2 3 4 |  4.7
Staves         | 1 2 3 4 |  4.7
Slings         | 1 2 3 4 |  4.7
Bows           | 1 2 3 4 |  4.7
Crossbows      | 1 2 3 4 |  4.7
Throwing       | 1 2 3 5 |  5.4
Stealth        | 1 2 3 4 |  4.7
Shields        | 1 2 3 4 |  4.7
Unarmed Combat | 1 2 3 4 |  4.7
Spellcasting   | 1 2 3 4 |  4.7
Conjurations   | 1 2 3 |  3.9
Hexes          | 1 2 3 |  3.9
Summonings     | 1 2 3 |  3.9
Necromancy     | 1 2 3 |  3.9
Translocations | 1 2 3 |  3.9
Transmutations | 1 2 3 |  3.9
Fire Magic     | 1 2 3 |  3.9
Ice Magic      | 1 2 3 |  3.9
Air Magic      | 1 2 3 |  3.9
Earth Magic    | 1 2 3 |  3.9
Poison Magic   | 1 2 3 |  3.9
Evocations     | 1 2 3 4 |  4.7
Dodging        | 3 4 5 |  5.4
Invocations    | 5 6 7 |  7.0
Axes           | 5 6 |  6.6
Armour         | 5 6 |  6.6
Fighting       | 7 8 |  8.1

Action                   |  1- 3 |  4- 6 |  7- 9 || total
-------------------------+-------+-------+-------++-------
Melee: Hand axe          |    97 |    85 |   328 ||   510
       Bite              |     5 |     8 |    31 ||    44
       Punch             |       |       |     4 ||     4
Throw: Dart              |       |       |     6 ||     6
Invok: Depart the Abyss  |     1 |       |       ||     1
       Bend Space        |       |       |     1 ||     1
  Use: Scroll            |     4 |     5 |     4 ||    13
       Potion            |     1 |     1 |     3 ||     5
 Stab: Sleeping          |     1 |     1 |     3 ||     5
Armor: Leather armour    |    34 |    13 |       ||    47
       Ring mail         |       |    37 |   156 ||   193
Dodge: Dodged            |    57 |    88 |   183 ||   328
Block: Other             |       |       |    43 ||    43
       Reflection        |       |       |     1 ||     1
       Kite shield       |       |       |   150 ||   150

Table legend: (Time is in decaauts)
 A = Elapsed time spent in this place.
 B = Non-inter-level travel time spent in this place.
 C = Inter-level travel time spent in this place.
 D = Time resting spent in this place.
 E = Time spent auto-exploring this place.
 F = Levels seen in this place.
 G = Mean time per level.
                   A        B        C        D        E       F      G
               +--------+--------+--------+--------+--------+-----+--------+
         Total |   8325 |   8149 |    176 |   1472 |   5052 |   8 | 1040.6 |
       Dungeon |   8270 |   8094 |    176 |   1472 |   5009 |   7 | 1181.4 |
         Abyss |     55 |     55 |      0 |      0 |     42 |   1 |   55.0 |
               +--------+--------+--------+--------+--------+-----+--------+

Top non-repeatable levels by time:
     D:6: 2390 daAuts
     D:4: 1494 daAuts
     D:5: 1453 daAuts
     D:3: 1143 daAuts
     D:1: 909 daAuts
     D:2: 798 daAuts
     D:7: 79 daAuts
 Abyss:1: 55 daAuts
